 Dungeon Crawl Stone Soup version 0.17-a0-1115-g0372368 (webtiles) character file.

92 Lugonue the Slasher (level 4, 0/29 HPs)
             Began as a High Elf Warper on May 22, 2015.
             Was an Initiate of Ru.
             Slain by 4thArraOfDagon's ghost (18 damage)
             ... on level 3 of the Dungeon.
             The game lasted 00:09:21 (1719 turns).

Lugonue the Slasher (High Elf Warper)               Turns: 1719, Time: 00:09:21

Health: 0/29       AC:  3    Str: 11    XL:     4   Next: 35%
Magic:  2/9        EV: 12    Int: 17    God:    Ru [......]
Gold:   103        SH:  0    Dex: 14    Spells: 3 memorised, 3 levels left

rFire  . . .     SeeInvis .     a - +1 falchion
rCold  . . .     Clarity  .     e - +0 leather armour (curse)
rNeg   . . .     SustAt   .     (no shield)
rPois  .         Gourm    .     (no helmet)
rElec  .         Spirit   .     (no cloak)
rCorr  .         Warding  .     (no gloves)
rMut   .         Stasis   .     (no boots)
MR     .....                    (no amulet)
Stlth  +.........               (no ring)
                                j - +1 ring of slaying

@: very slightly contaminated, not resistant to hostile enchantments, very
unstealthy
A: no striking features
a: Renounce Religion


You were on level 3 of the Dungeon.
You worshipped Ru.
Ru was noncommittal.
You were hungry.

You visited 1 branch of the dungeon, and saw 3 of its levels.

You collected 103 gold pieces.

Inventory:

Hand weapons
 a - a +1 falchion (weapon)
Missiles
 g - 24 arrows
Armour
 b - a +1 leather armour
 e - a cursed +0 leather armour (worn)
Jewellery
 j - a +1 ring of slaying (left hand)
Magical devices
 l - a wand of slowing (32)
Scrolls
 d - a scroll of blinking
 i - a scroll of teleportation
Potions
 h - a potion of mutation {unknown}
 n - a potion of degeneration {unknown}
Books
 c - a book of Spatial Translocations

   Spells                             Type                      Level
   a - Apportation                    Translocation                1
   b - Blink                          Translocation                2
   c - Shroud of Golubria             Charms/Translocation         2
   d - Portal Projectile              Translocation                3
   e - Teleport Other                 Translocation                3
   f - Passage of Golubria            Translocation                4
Comestibles
 f - 2 bread rations
 k - 4 fruits


   Skills:
 - Level 2.2 Fighting
 + Level 4.2 Long Blades
 - Level 1.1 Throwing
 - Level 1.0 Armour
 - Level 2.7 Dodging
 - Level 2.8 Spellcasting
 - Level 3.9 Translocations


You had 3 spell levels left.
You knew the following spells:

 Your Spells              Type           Power        Failure   Level  Hunger
a - Apportation           Tloc           ###.......   6%          1    #......
b - Blink                 Tloc           N/A          10%         2    ##.....
c - Shroud of Golubria    Chrm/Tloc      #.........   17%         2    ##.....


Dungeon Overview and Level Annotations

Branches:
Dungeon (3/15)

Altars:
Ru
Trog

Annotations:
D:3 4thArraOfDagon's ghost, weakling CeAK


Message History

Here: 4thArraOfDagon's ghost The floor.
Unknown command.
Your shroud begins to fray at the edges.
Drink which item? (? for menu, Esc to quit)
Okay, then.
Read which item? (? for menu, Esc to quit)
Okay, then.
Casting: Shroud of Golubria
Confirm with . or Enter, or press ? or * to list all spells.
You renew your shroud. 4thArraOfDagon's ghost hits you.
You hit 4thArraOfDagon's ghost. 4thArraOfDagon's ghost is lightly damaged. 4thArraOfDagon's ghost hits you.
You barely miss 4thArraOfDagon's ghost. 4thArraOfDagon's ghost is lightly damaged. 4thArraOfDagon's ghost hits you!!
Ouch! That really hurt!
You die...

# .. .. #.
#.#####.# #..
#...#...#
....#...#...
..........#
#.......#
#..#...##
#.....#####
.....###.W@..###
.##. #####...##
# ####..##
#......####
#....)....#
..###.....###..#
..........####.#
....#....[...# .
..###.....##...


You could see 4thArraOfDagon's ghost.

Vanquished Creatures
  5 adders
  A worm (D:2)
  3 ball pythons
  5 goblins
  7 hobgoblins
  5 jackals (D:1)
  5 kobolds (D:1)
  A quokka (D:2)
  3 bats
  3 giant newts (D:1)
  5 rats
43 creatures vanquished.

Notes
Turn   | Place    | Note
--------------------------------------------------------------
     0 | D:1      | Lugonue the High Elf Warper began the quest for the Orb.
     0 | D:1      | Reached XP level 1. HP: 14/14 MP: 4/4
     6 | D:1      | Noticed a komodo dragon
     6 | D:1      | Noticed a black mamba
     7 | D:1      | Noticed a lindwurm
    71 | D:1      | Reached skill level 1 in Armour
   399 | D:1      | Reached XP level 2. HP: 19/19 MP: 6/6
   408 | D:1      | Learned a level 2 spell: Blink
   411 | D:1      | Learned a level 2 spell: Shroud of Golubria
   881 | D:1      | Reached XP level 3. HP: 16/24 MP: 7/7
  1010 | D:2      | Found a sacrificial altar of Ru.
  1040 | D:2      | Became a worshipper of Ru the Awakened
  1122 | D:2      | Found a bloodstained altar of Trog.
  1415 | D:2      | Reached XP level 4. HP: 12/29 MP: 6/9
  1711 | D:3      | Noticed 4thArraOfDagon's ghost (weakling CeAK)
  1711 | D:3      | Reached skill level 4 in Long Blades
  1719 | D:3      | Slain by 4thArraOfDagon's ghost

Vault maps used:
D:1:      onia_arrival_zoo_common
D:2:      lemuel_crystal_altar, old_standard_altar, first_bread, serial_bayou,
          serial_bayou_pond_c, serial_bayou_pond_a, serial_bayou_crossing,
          serial_bayou_pond_d, grunt_decor_cap
D:3:      old_standard_altar, lemuel_doored_altar

Action                   |  1- 3 |  4- 6 || total
-------------------------+-------+-------++-------
Melee: Falchion          |   123 |    13 ||   136
Throw: Tomahawk          |     5 |       ||     5
 Cast: Apportation       |     5 |       ||     5
       Shroud of Golubri |     5 |     3 ||     8
  Use: Scroll            |    10 |       ||    10
  Eat: Chunk             |     1 |     1 ||     2
       Fruit             |     1 |       ||     1
